 Dungeon Crawl Stone Soup version 0.26.1-2-gb8aa6d0cf2 (webtiles) character file.

Game seed: 9644335945631901244

7227 Allula97 the Cleaver (level 11, -2/66 HPs)
             Began as a Tengu Fighter on Feb 28, 2021.
             Was a High Priest of Okawaru.
             Slain by a two-headed ogre
             ... wielding a +0 giant club
              (15 damage)
             ... on level 9 of the Dungeon.
             The game lasted 00:15:13 (6243 turns).

Allula97 the Cleaver (Tengu Fighter)                Turns: 6243, Time: 00:15:13

Health: -2/66      AC: 10    Str: 18    XL:     11   Next: 12%
Magic:  18/18      EV: 16    Int:  8    God:    Okawaru [*****.]
Gold:   424        SH: 11    Dex: 22    Spells: 19/19 levels left

rFire    . . .     SeeInvis .   q - +5 war axe (freeze)
rCold    . . .     Faith    .   c - +0 kite shield
rNeg     . . .     Spirit   .   y - +3 ring mail {rPois}
rPois    +         Reflect  .   (helmet restricted)
rElec    .         Harm     .   b - +0 cloak
rCorr    +         Rampage  .   (no gloves)
Will     .....                  (boots unavailable)
Stlth    +++.......             v - amulet of regeneration
HPRegen  0.61/turn              B - ring of resist corrosion
MPRegen  0.16/turn              o - +6 ring of dexterity

@: flying quickly and evasively, quick
A: beak, talons 3, able to fly
a: Stop Flying, Renounce Religion, Heroism, Finesse


You were on level 9 of the Dungeon.
You worshipped Okawaru.
Okawaru was extremely pleased with you.
You visited 2 branches of the dungeon, and saw 10 of its levels.

You collected 424 gold pieces.

Inventory:

Hand Weapons
 i - a +3 scimitar of flaming
 q - a +5 war axe of freezing (weapon)
 E - a +4 dagger of distortion
Missiles
 m - 3 atropa-tipped darts (quivered)
Armour
 b - a +0 cloak (worn)
 c - a +0 kite shield (worn)
 y - a +3 ring mail of poison resistance (worn)
Jewellery
 l - an uncursed ring of poison resistance
 o - a +6 ring of dexterity (right hand)
 v - an amulet of regeneration (around neck)
 x - an uncursed amulet of faith
 B - a ring of resist corrosion (left hand)
Wands
 k - a wand of flame (14)
 w - a wand of random effects (13)
 A - a wand of digging (5)
 C - a wand of polymorph (17)
Scrolls
 e - a scroll of noise
 g - 7 scrolls of remove curse
 h - 2 scrolls of fear
 r - a scroll of identify
 s - 4 scrolls of teleportation
 u - 5 scrolls of fog
 z - 2 scrolls of blinking
Potions
 a - a potion of haste
 d - 2 potions of might
 f - 5 potions of curing {unknown}
 j - 2 potions of lignification
 n - a potion of attraction
 p - 2 potions of heal wounds
 t - a potion of magic
 D - 3 potions of brilliance


   Skills:
 * Level 6.4 Fighting
 - Level 3.6 Long Blades
 * Level 10.4 Axes
 * Level 6.8 Armour
 * Level 5.8 Dodging
 * Level 5.4 Stealth
 * Level 6.8 Shields
 * Level 4.5 Spellcasting


You had 19 spell levels left.
You didn't know any spells.
Your spell library contained the following spells:

 Spells                   Type           Power        Failure   Level
 Foxfire                  Conj/Fire      4%           78%         1
 Sting                    Tmut/Pois      4%           78%         1
 Poisonous Vapours        Pois/Air       2%           89%         2
 Ignite Poison            Fire/Tmut/Pois 1%           98%         3
 Mephitic Cloud           Conj/Pois/Air  1%           98%         3
 Olgreb's Toxic Radiance  Pois           1%           100%        4


Dungeon Overview and Level Annotations

Branches:
Dungeon (9/15)             Temple (1/1) D:6
   Lair: D:8-11         Orc: D:9-12

Altars:
Ashenzari
Cheibriados
Dithmenos
Elyvilon
Fedhas
Gozag
Hepliaklqana
Kikubaaqudgha
Makhleb
Nemelex Xobeh
Okawaru
Qazlal
Ru
Sif Muna
Trog
Uskayaw
Vehumet
Wu Jian
Xom
Yredelemnul
Zin
The Shining One


Innate Abilities, Weirdness & Mutations

You have a beak for a mouth.
You have claws for feet.
You can fly continuously.


Message History

The two-headed ogre is lightly wounded.
You hit the two-headed ogre. You freeze the two-headed ogre.
The two-headed ogre is moderately wounded.
The two-headed ogre hits you with a +0 giant club.
The two-headed ogre misses you.
You barely miss the two-headed ogre.
You claw the two-headed ogre, but do no damage.
The two-headed ogre is moderately wounded.
The two-headed ogre hits you with a +0 giant club! x2
You barely miss the two-headed ogre. Your kick misses the two-headed ogre.
You peck the two-headed ogre, but do no damage.
The two-headed ogre is moderately wounded.
The two-headed ogre hits you with a +0 giant club!!
* * * LOW HITPOINT WARNING * * *
You block the two-headed ogre's attack.
You slash the two-headed ogre! You freeze the two-headed ogre.
You claw the two-headed ogre! You peck the two-headed ogre.
The two-headed ogre is heavily wounded.
The two-headed ogre hits you with a +0 giant club!
You die...

...### #..##(# #.!. #.# #..#
##.## #..####...### ##..#
....... ####..### #...#
##....##[# #O# ##......#.#
###@### . #....#)##.###..)..#
.## #...##'#...##.....##.! ..#
#..##(................. ##.#
##..)####.^.##.(...##...####..#
......#.##.###.....# .##.#...#
#####....#.# ###.### #......###
#...##[# #.# ##.....#..
######...### ... ##........#


You could see a two-headed ogre.

Vanquished Creatures
  Erica (D:8)
  A deep elf mage (D:9)
  Psyche (D:8)
  3 polar bears (D:8)
  A dream sheep (D:8)
  A vampire (D:9)
  A hog (D:8)
  2 wyverns (D:8)
  4 yaks
  Grum (D:8)
  An acid dragon (D:9)
  2 sky beasts
  An orc warrior (D:9)
  7 black bears (D:8)
  An ice beast (D:5)
  2 centaurs
  6 ogres
  A phantom (D:8)
  3 wolves (D:8)
  Blork the orc (D:5)
  4 bullfrogs
  A wyvern zombie (D:7)
  A scorpion (D:8)
  5 killer bees (D:9)
  3 howler monkeys (D:9)
  A quasit (D:8)
  2 bullfrog zombies
  2 hounds
  2 jellies
  3 orc priests
  A bullfrog skeleton (D:5)
  A centaur skeleton (D:9)
  4 orc wizards
  3 iguanas
  4 worker ants
  2 hound skeletons (D:9)
  A worker ant zombie (D:6)
  Robin (D:2)
  6 adders
  A gnoll (D:3)
  2 white imps
  2 ufetubi
  2 oozes (D:1)
  A worm (D:4)
  2 dart slugs
  4 leopard geckos
  22 orcs
  6 bats
  7 giant cockroaches
  12 hobgoblins
  15 jackals
  3 quokkas
  3 frilled lizards
  15 goblins
  13 kobolds
  A quokka zombie (D:6)
  7 rats
206 creatures vanquished.

Notes
Turn   | Place    | Note
-------+----------+-------------------------------------------
     0 | D:1      | Allula97 the Tengu Fighter began the quest for the Orb.
     0 | D:1      | Reached XP level 1. HP: 14/14 MP: 2/2
    89 | D:1      | Reached XP level 2. HP: 19/19 MP: 3/3
   251 | D:1      | Reached XP level 3. HP: 13/23 MP: 4/4
  1075 | D:2      | Reached skill level 1 in Stealth
  1075 | D:2      | Reached XP level 4. HP: 28/28 MP: 4/6
  1076 | D:2      | Reached skill level 1 in Spellcasting
  1083 | D:2      | Reached skill level 1 in Dodging
  1083 | D:2      | Gained mutation: You can fly continuously. [Tengu growth]
  1083 | D:2      | Reached XP level 5. HP: 20/32 MP: 7/7
  1305 | D:2      | Found a glowing silver altar of Zin.
  1416 | D:2      | Noticed Robin
  1429 | D:2      | Killed Robin
  1970 | D:3      | Found a shimmering blue altar of Sif Muna.
  1980 | D:3      | Identified Sif Muna's Compendium of Flames
  2015 | D:3      | Found a bloodstained altar of Trog.
  2300 | D:3      | Reached XP level 6. HP: 32/37 MP: 8/8
  2499 | D:3      | Reached skill level 1 in Axes
  3101 | D:4      | You are sucked into a shaft and drop 1 floor!
  3101 | D:5      | Entered Level 5 of the Dungeon
  3109 | D:5      | Reached skill level 2 in Axes
  3109 | D:5      | Reached XP level 7. HP: 42/42 MP: 10/10
  3138 | D:5      | Reached skill level 3 in Axes
  3273 | D:5      | Noticed Blork the orc
  3280 | D:5      | Killed Blork the orc
  3347 | D:5      | Reached skill level 4 in Axes
  3347 | D:5      | Reached XP level 8. HP: 28/48 MP: 12/12
  3714 | D:6      | Reached skill level 5 in Shields
  3758 | D:6      | Found a staircase to the Ecumenical Temple.
  3767 | D:6      | Reached skill level 5 in Axes
  3769 | D:6      | Reached skill level 5 in Armour
  3798 | Temple   | Entered the Ecumenical Temple
  4035 | Temple   | Became a worshipper of Warmaster Okawaru
  4773 | D:7      | Found a glowing golden altar of the Shining One.
  4937 | D:7      | Reached XP level 9. HP: 53/53 MP: 14/14
  5068 | D:8      | Reached skill level 6 in Axes
  5079 | D:8      | Found a huge runed translucent gate.
  5080 | D:8      | Found a huge runed translucent gate.
  5081 | D:8      | Found a huge runed translucent gate.
  5081 | D:8      | Noticed a polar bear
  5083 | D:8      | Found a huge runed translucent gate.
  5083 | D:8      | Noticed a polar bear
  5083 | D:8      | Noticed a polar bear
  5086 | D:8      | Reached * piety under Okawaru
  5106 | D:8      | HP: 2/53 [black bear (5)]
  5109 | D:8      | Reached skill level 5 in Fighting
  5111 | D:8      | Killed a polar bear
  5113 | D:8      | Reached skill level 7 in Axes
  5114 | D:8      | Killed a polar bear
  5114 | D:8      | Reached ** piety under Okawaru
  5117 | D:8      | Reached skill level 8 in Axes
  5120 | D:8      | Reached XP level 10. HP: 26/59 MP: 14/16
  5120 | D:8      | Reached *** piety under Okawaru
  5125 | D:8      | Reached skill level 5 in Dodging
  5238 | D:8      | Noticed Psyche
  5243 | D:8      | Killed Psyche
  5328 | D:8      | Noticed Grum
  5344 | D:8      | Killed Grum
  5353 | D:8      | Reached skill level 9 in Axes
  5494 | D:8      | Noticed Erica
  5504 | D:8      | Killed Erica
  5504 | D:8      | Reached **** piety under Okawaru
  5505 | D:8      | Reached skill level 5 in Stealth
  5514 | D:8      | Found a broken altar of Ashenzari.
  5851 | D:9      | Reached ***** piety under Okawaru
  5900 | D:9      | Reached skill level 10 in Axes
  6076 | D:9      | Found a white marble altar of Elyvilon.
  6193 | D:9      | Reached XP level 11. HP: 65/65 MP: 18/18
  6226 | D:9      | Noticed a two-headed ogre
  6226 | D:9      | Noticed a deep elf mage
  6232 | D:9      | Killed a deep elf mage
  6243 | D:9      | Slain by a two-headed ogre

Illustrated notes

Levels and vault maps discovered:
D:1:      minmay_arrival_open_corners, layout_basic, minmay_vboxes
D:2:      cheibrodos_pilgrimage, layout_basic, zin_academy, serial_corexii_hall,
          corexii_hall_statues_i, chequers_hall_statues_wall_a, uniq_robin
D:3:      layout_basic, nzn_overflow_gifts_of_might_and_magic
D:4:      layout_loops_ring
D:5:      layout_rooms, uniq_blork_the_orc
D:6:      layout_rooms, minmay_temple_entry_sparse_star
D:7:      layout_loops_ring, old_standard_altar, nrook_mini_backslash,
          chequers_serial_rivers_micro_d
D:8:      lemuel_bear_cage, layout_loops_cross, lemuel_coloured_pillars_altar,
          uniq_erica, uniq_psyche, uniq_grum
D:9:      layout_rooms, elyvilon_altar_1, minmay_fractal_squares_gapless_7
Temple:   eino_temple_rhombus

Skill      XL: |  1  2  3  4  5  6  7  8  9 10 |
---------------+-------------------------------+-----
Stealth        | 1 2 3 4 5 |  5.4
Long Blades    | 3 |  3.6
Spellcasting   | 1 2 3 4 |  4.5
Dodging        | 1 2 3 4 5 |  5.8
Armour         | 4 5 6 |  6.8
Shields        | 4 5 6 |  6.8
Axes           | 2 4 5 8 10 | 10.4
Fighting       | 4 5 6 |  6.4

Action                   |  1- 3 |  4- 6 |  7- 9 | 10-12 || total
-------------------------+-------+-------+-------+-------++-------
Melee: Long sword        |    69 |    41 |       |       ||   110
       Kick              |    15 |    41 |    48 |    55 ||   159
       Peck              |     8 |    20 |    28 |    38 ||    94
       War axe           |       |    85 |   111 |   146 ||   342
Invok: Heroism           |       |       |     1 |       ||     1
 Abil: Fly               |       |     1 |       |       ||     1
  Use: Potion            |     2 |       |     4 |       ||     6
       Scroll            |     1 |       |    16 |     5 ||    22
 Stab: Sleeping          |       |       |     1 |       ||     1
       Distracted        |       |       |       |     1 ||     1
Armor: Scale mail        |    37 |    45 |    11 |       ||    93
       Ring mail         |       |       |    43 |    25 ||    68
Dodge: Dodged            |    22 |    57 |   118 |    71 ||   268
Block: Kite shield       |    32 |    83 |    88 |    69 ||   272
       Rpst.: Long sword |     6 |     6 |       |       ||    12
